AoeStats
← Sok

Arena

506249361Analyzed
4v4 RM · 19d ago on Sep 12, 2026· 80m 18s· 8 players
Game mode
Random Map
Map size
Large (8 player)
Population
200
Speed
Normal
Resources
Standard
Victory
Conquest
Starting age
Dark Age
Ending age
Imperial Age
RankedLock teamsTeams togetherTeam positionsShared explorationLock speedFull tech treeHidden civsTurbo modeCheats
Victory
Defeat
🇮🇹 Slavs · Italy
734
+15
🇨🇴 Koreans · Colombia
709
+16
🇮🇹 Bohemians · Italy
685
+17
🇨🇦 Britons · Canada
570
+23
🇨🇱 Franks · Chile
768
-50
🇨🇱 Goths · Chile
711
-18
🇨🇱 Bengalis · Chile
689
-17
🇨🇱 Britons · Chile
673
-16
HeadShotFoo3416
11:29 Feudal Age
12:45 Wheelbarrow
11:59 Double-Bit Axe
12:01 Horse Collar
18:44 Gold Mining
21:12 Castle Age
19:09 Gold Mining
19:48 Stone Mining
23:18 Heavy Plow
24:09 Gold Shaft Mining
25:58 Hand Cart
26:29 Padded Archer Armor
30:14 Fortified Wall
30:15 Masonry
30:26 Ballistics
30:42 Elite Skirmisher
34:41 Imperial Age
31:59 Treadmill Crane
32:25 Town Watch
32:28 Loom
34:10 Town Patrol
34:45 Bow Saw
34:01 Pikeman
34:42 Squires
34:28 Gambesons
34:29 Arson
38:12 Halberdier
42:52 Fletching
43:18 Leather Archer Armor
43:04 Scale Mail Armor
44:41 Warwolf
45:37 Bodkin Arrow
46:12 Ring Archer Armor
46:29 Yeomen
46:33 Conscription
47:53 Forging
53:34 Yeomen
53:34 Bracer
54:10 Iron Casting
53:50 Chain Mail Armor
54:45 Two-Man Saw
57:15 Blast Furnace
60:39 Siege Engineers
61:35 Chemistry
67:02 Plate Mail Armor
66:30 Elite Longbowman
75:31 Scale Barding Armor
76:02 Architecture
78:42 Chain Barding Armor
DogeDogOfVenice
3:25 Loom
10:33 Feudal Age
11:49 Wheelbarrow
11:01 Double-Bit Axe
11:54 Town Watch
12:31 Horse Collar
19:02 Castle Age
17:56 Padded Archer Armor
18:17 Fletching
26:36 Bow Saw
29:03 Treadmill Crane
29:29 Heavy Plow
31:36 Coinage
35:59 Imperial Age
37:40 Two-Man Saw
38:17 Hand Cart
38:29 Hussite Reforms
38:54 Fortified Wall
39:41 Redemption
39:51 Block Printing
40:14 Sanctity
41:40 Illumination
41:26 Fervor
46:22 Devotion
55:53 Banking
56:51 Conscription
58:55 Theocracy
77:01 Town Patrol
filippo.nunnari
0:30 Loom
12:14 Feudal Age
12:42 Double-Bit Axe
12:39 Horse Collar
13:00 Town Watch
23:45 Castle Age
22:20 Gold Mining
22:23 Stone Mining
25:37 Gold Shaft Mining
27:51 Wheelbarrow
28:00 Heavy Plow
28:36 Bow Saw
29:03 Squires
28:26 Man-at-Arms
29:22 Forging
29:12 Scale Mail Armor
29:58 Caravan
30:28 Coinage
33:06 Hand Cart
33:34 Iron Casting
33:14 Chain Mail Armor
33:08 Scale Barding Armor
35:20 Detinets
37:55 Imperial Age
35:27 Murder Holes
35:43 Fortified Wall
35:54 Ballistics
35:45 Masonry
36:54 Chain Barding Armor
37:34 Long Swordsman
39:50 Blast Furnace
39:47 Plate Mail Armor
40:29 Conscription
41:27 Pikeman
42:47 Hoardings
42:03 Halberdier
43:07 Fletching
43:18 Padded Archer Armor
43:54 Plate Barding Armor
42:56 Two-Handed Swordsman
44:35 Crop Rotation
45:09 Two-Man Saw
44:54 Champion
46:38 Banking
46:56 Druzhina
47:14 Bloodlines
54:50 Bodkin Arrow
55:11 Leather Archer Armor
54:19 Elite Boyar
55:06 Husbandry
57:05 Town Patrol
59:02 Ring Archer Armor
60:58 Sappers
62:42 Capped Ram
64:40 Siege Ram
LReyes4029
9:43 Loom
12:47 Feudal Age
13:24 Horse Collar
13:32 Double-Bit Axe
13:44 Town Watch
18:28 Wheelbarrow
21:22 Castle Age
20:25 Gold Mining
22:49 Gold Shaft Mining
22:23 Thumb Ring
22:32 Heavy Plow
22:30 Crossbowman
23:37 Stone Mining
24:23 Fletching
25:30 Bodkin Arrow
27:14 Town Patrol
29:31 Hand Cart
30:26 Coinage
33:52 Bow Saw
37:12 Imperial Age
36:17 Stone Shaft Mining
37:07 Ballistics
36:58 Fortified Wall
37:26 Treadmill Crane
39:11 Two-Man Saw
39:17 Chemistry
38:28 Siege Engineers
37:47 Elite Skirmisher
38:31 Bracer
38:41 Forging
39:29 Guilds
39:50 Banking
41:14 Conscription
41:15 Shinkichon
42:15 Iron Casting
41:52 Masonry
41:22 Heavy Rocket Cart
43:02 Pikeman
43:45 Squires
46:27 Architecture
46:03 Scale Mail Armor
46:08 Scale Barding Armor
45:57 Halberdier
46:22 Arson
52:34 Murder Holes
65:08 Caravan
66:50 Chain Mail Armor
71:19 Plate Mail Armor
72:28 Eupseong
73:56 Heavy Cavalry Archer
77:02 Capped Ram
[RESET]BOYKA
12:27 Feudal Age
16:55 Castle Age
15:07 Double-Bit Axe
15:15 Horse Collar
16:28 Wheelbarrow
18:37 Bow Saw
18:40 Heavy Plow
26:21 Hand Cart
31:48 Imperial Age
33:51 Fletching
34:13 Elite Elephant Archer
37:04 Two-Man Saw
37:11 Padded Archer Armor
37:09 Bodkin Arrow
37:47 Ballistics
39:08 Leather Archer Armor
38:55 Bracer
41:58 Ring Archer Armor
[RESET]b0Mer-
11:45 Feudal Age
13:38 Wheelbarrow
18:57 Castle Age
19:28 Double-Bit Axe
21:06 Hand Cart
21:33 Loom
22:35 Bow Saw
22:07 Horse Collar
23:16 Forging
23:07 Scale Mail Armor
24:36 Iron Casting
24:53 Heavy Plow
31:33 Loom
34:18 Imperial Age
34:43 Chain Mail Armor
34:22 Elite Huskarl
46:44 Anarchy
49:06 Blast Furnace
56:23 Man-at-Arms
59:23 Masonry
58:38 Long Swordsman
61:16 Caravan
62:39 Anarchy
69:44 Perfusion
Sok
6:05 Loom
8:22 Loom
12:56 Feudal Age
13:47 Double-Bit Axe
21:14 Castle Age
24:34 Wheelbarrow
24:43 Wheelbarrow
25:10 Gold Mining
28:14 Scale Barding Armor
28:21 Forging
28:41 Forging
28:58 Husbandry
28:19 Light Cavalry
31:22 Bow Saw
34:46 Imperial Age
34:18 Chain Barding Armor
34:36 Iron Casting
34:39 Hand Cart
36:49 Cavalier
38:57 Blast Furnace
39:59 Paladin
45:32 Gold Shaft Mining
45:55 Plate Barding Armor
52:13 Chivalry
Sanzana1
7:04 Loom
10:07 Feudal Age
11:23 Wheelbarrow
10:30 Horse Collar
10:36 Double-Bit Axe
10:43 Gold Mining
18:44 Forging
19:12 Stone Mining
23:20 Castle Age
24:04 Heavy Plow
24:41 Gold Shaft Mining
24:20 Bow Saw
24:37 Hand Cart
24:33 Crossbowman
25:19 Padded Archer Armor
33:47 Imperial Age
32:32 Pikeman
33:29 Leather Archer Armor
33:05 Fletching
33:50 Iron Casting
33:16 Scale Mail Armor
34:09 Ballistics
34:17 Squires
36:25 Chemistry
35:35 Masonry
35:25 Capped Ram
36:41 Halberdier
39:35 Warwolf
39:57 Yeomen
39:04 Elite Longbowman
42:20 Ring Archer Armor
41:45 Bodkin Arrow
42:09 Arbalester
49:32 Bracer
52:42 Onager
61:51 Heavy Scorpion
Connection lost

Rejoining the realm…

Still unreachable

The connection could not be restored.

Session expired

The server has moved on; the page needs a fresh start.